 Dungeon Crawl Stone Soup version 0.28.0 (webtiles) character file.

Game seed: 16273964784687118665

448 bande the Chopper (level 7, -6/44 HPs)
             Began as a Gargoyle Fighter on Feb 6, 2022.
             Mangled by a kobold brigand (7 damage)
             ... in a sewer.
             The game lasted 00:04:11 (2700 turns).

bande the Chopper (Gargoyle Fighter)                Turns: 2700, Time: 00:04:11

Health: -6/44      AC: 13    Str: 19    XL:     7   Next: 4%
Magic:  7/7        EV:  9    Int:  9    God:
Gold:   132        SH:  4    Dex: 11    Spells: 6/6 levels left

rFire   . . .      SeeInvis .   a - +0 war axe
rCold   . . .      Faith    .   c - +0 buckler
rNeg    + . .      Spirit   .   b - +0 scale mail
rPois   ∞          Reflect  .   (no helmet)
rElec   +          Harm     .   (no cloak)
rCorr   .          Rampage  .   h - +0 pair of gloves
Will    .....                   (no boots)
Stlth   ..........              (no amulet)
HPRegen 0.14/turn               (no ring)
MPRegen 0.10/turn               (no ring)

@: mighty
A: sickness immunity, AC +4, negative energy resistance 1, electricity
resistance, torment resistance 1, petrification resistance
a: no special abilities


You were in a sewer.
You visited 1 branch of the dungeon, and saw 3 of its levels.
You also visited: Sewer.

You collected 132 gold pieces.

Inventory:

Hand Weapons
 a - a +0 war axe (weapon)
Armour
 b - a +0 scale mail (worn)
 c - a +0 buckler (worn)
 h - a +0 pair of gloves (worn)
Scrolls
 i - 3 scrolls of identify {unknown}
 j - a scroll of enchant weapon {unknown}
 k - 2 scrolls of teleportation
Potions
 e - a potion of lignification {unknown}
 f - 2 potions of berserk rage {unknown}
 g - a potion of curing {unknown}
 l - a potion of cancellation {unknown}


   Skills:
 + Level 4.5 Fighting
 + Level 4.8 Axes
 + Level 4.7 Armour
 - Level 0.1 Stealth
 + Level 4.3 Shields


You had 6 spell levels left.
You didn't know any spells.
Your spell library was empty.

Dungeon Overview and Level Annotations

Branches:
Dungeon (3/15)              Sewer (1/1)

Altars:


Innate Abilities, Weirdness & Mutations

You are immune to sickness and miasma.
Your stone body is resilient. (AC +4)
You are immune to poison.
You resist negative energy. (rN+)
You are resistant to electric shocks. (rElec)
You are resistant to unholy torment.
You are immune to petrification.


Message History

You barely resist. The kobold brigand closely misses you.
The kobold hits you but does no damage.
You slash Grinder!
You kill Grinder!
You completely miss the kobold brigand. You hit the kobold.
You slash the ball python!
You kill the ball python!
You block the kobold brigand's attack. The kobold closely misses you.
The shadow imp gestures at you. Pain shoots through your body!
* * * LOW HITPOINT WARNING * * *
You have reached level 7!
You closely miss the kobold brigand.
The kobold brigand is almost dead.
You slash the shadow imp! You barely miss the kobold.
The kobold brigand hits you but does no damage.
The kobold closely misses you.
The shadow imp hits you but does no damage.
The kobold hits you but does no damage. The kobold brigand barely misses you.
The shadow imp barely misses you.
Items here: ! ) ? [ †.
Unknown command.
You slash the kobold!
You kill the kobold!
You slash the shadow imp!
You kill the shadow imp!
You hit the kobold brigand. You barely miss the kobold brigand.
You block the kobold brigand's attack. The kobold brigand barely misses you.
The kobold brigand hits you with a +2 short sword of electrocution.
* * * LOW HITPOINT WARNING * * *
A kobold comes into view. It is wielding a +0 club.
The kobold shouts!
The kobold brigand hits you with a +0 short sword.
* * * LOW HITPOINT WARNING * * *
A kobold comes into view.
It is wielding a +0 short sword and quivering poisoned darts.
You see here a +0 dagger.
The kobold shouts!
A quasit comes into view.
The kobold brigand hits you with a +0 short sword!
You die...

#≈≈.#.≈≈≈≈≈≈≈≈≈≈≈≈ ≈..
#≈≈.#..≈≈≈≈≈≈≈≈≈≈≈ ≈..
#≈≈.#.≈≈≈≈≈≈≈≈≈≈≈≈ #'''
#≈≈.#..≈≈≈≈≈≈≈≈≈≈≈ .....
#≈≈.#...≈≈≈≈≈≈≈≈≈≈
..§K.###.####.###≈##≈##≈
§.....#K..#≈≈.).........
5K_.§.K)†)≈≈≈≈...)......
§.....#@..#≈≈...........
..§..###.####.#≈###≈≈#≈#
..... #≈≈.#....≈≈≈≈≈≈≈≈≈
#''' #≈†.#...≈≈≈≈≈≈≈≈≈≈
≈.. #≈..#.≈≈≈≈≈≈≈≈≈≈≈≈
≈.. #≈≈)#.≈≈≈≈≈≈≈≈≈≈≈≈
#≈≈.#)≈≈≈≈≈≈≈≈≈≈≈≈
#≈..'.≈≈≈≈≈≈≈≈≈
##≈###############


You could see 2 kobold brigands, a quasit and 2 kobolds.

Vanquished Creatures
  Grinder (Sewer)
  A bullfrog zombie (D:3)
  A hound (D:3)
  Jessica (D:2)
  6 adders
  2 shadow imps (Sewer)
  5 ufetubi (Sewer)
  A worm (D:2)
  6 endoplasms
  7 giant cockroaches
  8 goblins
  6 hobgoblins
  11 kobolds
  7 ball pythons
  5 bats
  4 frilled lizards
  A kobold zombie (Sewer)
  5 rats
78 creatures vanquished.

Vanquished Creatures (others)
  An adder zombie (Sewer)
  An endoplasm (Sewer)
2 creatures vanquished.

Grand Total: 80 creatures vanquished

Notes
Turn   | Place    | Note
-------+----------+-------------------------------------------
     0 | D:1      | bande the Gargoyle Fighter began the quest for the Orb.
     0 | D:1      | Reached XP level 1. HP: 14/14 MP: 1/1
     6 | D:1      | Noticed a hog
     6 | D:1      | Noticed a killer bee
     6 | D:1      | Noticed a salamander
     7 | D:1      | Noticed a polar bear
   240 | D:1      | Reached XP level 2. HP: 19/19 MP: 2/2
   531 | D:1      | Found a faded altar of an unknown god.
  1016 | D:2      | Noticed Jessica
  1021 | D:2      | Killed Jessica
  1022 | D:2      | Reached XP level 3. HP: 24/24 MP: 3/3
  1282 | D:2      | Reached XP level 4. HP: 29/29 MP: 4/4
  1974 | D:3      | Reached XP level 5. HP: 27/33 MP: 5/5
  2371 | D:3      | Found a glowing drain.
  2387 | Sewer    | Entered a sewer
  2672 | Sewer    | Reached XP level 6. HP: 38/38 MP: 6/6
  2676 | Sewer    | Noticed Grinder
  2682 | Sewer    | Found a burning altar of Makhleb.
  2695 | Sewer    | Killed Grinder
  2696 | Sewer    | Reached XP level 7. HP: 9/44 MP: 7/7
  2699 | Sewer    | HP: 1/44 [kobold brigand (5)]
  2700 | Sewer    | Mangled by a kobold brigand

Illustrated notes

Levels and vault maps discovered:
D:1:      onia_arrival_zoo_common, layout_loops_ring,
          hellmonk_ecumenical_altar_arch_garden, minmay_unequal
D:2:      cheibrodos_greedy_goblins, layout_basic, uniq_jessica
D:3:      layout_loops_ring, lightli_temple_of_fire,
          cheibrodos_sewer_entry_drain, serial_shops, nicolae_diamond_shop,
          minmay_misc_feat_secret_circle, minmay_diced_spiral
Sewer:    kennysheep_sewer_church

Skill      XL: |  1  2  3  4  5  6 |
---------------+-------------------+-----
Axes           | 2 3 4 |  4.8
Armour         | 4 |  4.7
Fighting       | 4 |  4.5
Shields        | 4 |  4.3
Stealth        | |  0.1

Action                   |  1- 3 |  4- 6 |  7- 9 || total
-------------------------+-------+-------+-------++-------
Melee: War axe           |    73 |   154 |     2 ||   229
  Use: Scroll            |     2 |     1 |       ||     3
       Potion            |       |     1 |       ||     1
Armor: Scale mail        |    49 |   150 |     3 ||   202
Dodge: Dodged            |    42 |    97 |     4 ||   143
Block: Buckler           |    15 |    54 |     1 ||    70
